WCHLSIM.com - West Coast Hockey League
html PUBLIC "-//W3C//DTD XHTML 1.0 Transitional//EN" "http://www.w3.org/TR/xhtml1/DTD/xhtml1-transitional.dtd"> WCHL - Game 103 - NORTH DAKOTA HAWKS vs OKANAGAN RATTLESNAKES

NORTH DAKOTA HAWKS vs OKANAGAN RATTLESNAKES

Created - 27 octobre 2023 at 21:03

Goals
1 2 3 OT1 T
NORTH DAKOTA HAWKS 1 1 2 1 5
OKANAGAN RATTLESNAKES 1 1 2 0 4
Shots
1 2 3 OT1 T
NORTH DAKOTA HAWKS 10 14 14 2 40
OKANAGAN RATTLESNAKES 8 8 15 0 31

1st period

1. OKANAGAN RATTLESNAKES , Nazem Kadri 3 (T.J. Oshie 2, Anders Lee 6) at 17:35 (PP)
2. NORTH DAKOTA HAWKS , Jordan Kyrou 6 (Cale Makar 5, Jason Robertson 4) at 19:52

Penalties :
Austin Osmanski (OKA) for Hooking (Minor) at 9:03, Esa Lindell (OKA) for Hooking (Minor) at 12:41, Garnet Hathaway (NDH) for Interference (Minor) at 17:20

2nd period

3. OKANAGAN RATTLESNAKES , Nazem Kadri 4 (Josh Manson 2, Lars Eller 5) at 9:58
4. NORTH DAKOTA HAWKS , Emil Bemstrom 1 (Frederick Gaudreau 4, Dillon Dube 2) at 19:04

Penalties :
Blake Coleman (OKA) for High sticking (Minor) at 2:18

3rd period

5. NORTH DAKOTA HAWKS , Nick Suzuki 3 (Jake DeBrusk 5, Reyley Smith 3) at 4:00
6. NORTH DAKOTA HAWKS , Connor Clifton 1 (Dillon Dube 3, Frederick Gaudreau 5) at 6:14
7. OKANAGAN RATTLESNAKES , Anders Lee 2 (Nazem Kadri 5, T.J. Oshie 3) at 16:12 (PP)
8. OKANAGAN RATTLESNAKES , Anders Lee 3 (Nazem Kadri 6, Esa Lindell 3) at 18:25

Penalties :
Garnet Hathaway (NDH) for Hooking (Minor) at 9:53, Jason Robertson (NDH) for Interference (Minor) at 15:07

Overtime #1

9. NORTH DAKOTA HAWKS , Jack Hughes 2 (Jason Robertson 5, Cale Makar 6) at 0:33

Penalties :
No Penalty

Goalie Stats

Scott Wedgewood (NDH), 27 saves from 31 shots - (0,871), W, 1-0-0, 60:34 minutes
James Reimer (OKA), 35 saves from 40 shots - (0,875), OTL, 1-5-1, 60:34 minutes

Players Stats for NORTH DAKOTA HAWKS

Player Name              G  A  P  +/- PIM S  H  SB GA TA FO     MP     PP MP  PK MP  
------------------------------------------------------------------------------------
Alex Belzile             0  0  0   0  0   0  0  0  0  0  0/0     7:51   0:00   0:00 
Cale Makar               0  2  2   1  0   3  1  1  0  0  0/0    23:27   3:37   0:00 
Connor Clifton           1  0  1   1  0   1  3  2  0  0  0/0    18:31   0:00   1:30 
Connor Dewar             0  0  0   0  0   1  0  0  0  0  4/9     9:23   0:00   1:32 
Dillon Dube              0  2  2   1  0   3  2  0  0  0  1/1    14:50   2:59   0:51 
Emil Bemstrom            1  0  1   1  0   1  0  0  0  0  0/0    11:00   0:00   0:00 
Erik Johnson             0  0  0   1  0   0  0  0  0  0  0/0    16:16   0:00   1:49 
Frederick Gaudreau       0  2  2   1  0   4  0  1  0  0  12/21  16:06   2:20   2:46 
Garnet Hathaway          0  0  0   0  4   2  1  0  0  0  0/0     8:40   0:00   0:51 
Jack Hughes              1  0  1   2  0   5  0  0  0  0  12/32  20:45   3:26   0:00 
Jake DeBrusk             0  1  1   0  0   4  1  1  0  0  1/2    17:39   2:31   0:00 
Jason Robertson          0  2  2   2  2   3  4  0  0  0  1/1    20:49   3:26   0:05 
Jordan Kyrou             1  0  1   1  0   3  0  0  0  0  1/1    20:44   3:26   0:33 
Mathew Dumba             0  0  0   0  0   1  1  0  0  0  0/0    21:05   0:00   1:49 
Nick Blankenburg         0  0  0   1  0   0  1  0  0  0  0/0    16:47   2:20   0:00 
Nick Suzuki              1  0  1   0  0   6  1  1  0  0  15/21  17:39   2:31   0:00 
Reyley Smith             0  1  1   0  0   2  0  0  0  0  0/0    17:39   2:31   0:00 
Ryan Lindgren            0  0  0   1  0   1  1  3  0  0  0/0    19:09   0:38   1:30 

Players Stats for OKANAGAN RATTLESNAKES

Player Name              G  A  P  +/- PIM S  H  SB GA TA FO     MP     PP MP  PK MP  
------------------------------------------------------------------------------------
Adam Clendening          0  0  0   0  0   0  2  0  0  0  0/0    20:12   1:42   2:57 
Anders Lee               2  1  3  -1  0   3  1  1  0  0  14/36  23:03   1:48   3:09 
Austin Osmanski          0  0  0  -3  2   0  0  0  0  0  0/0    17:14   0:00   0:56 
Blake Coleman            0  0  0  -1  2   3  1  0  0  0  5/13   11:39   0:00   0:26 
Casey Cizikas            0  0  0  -1  0   1  1  0  0  0  9/17   16:56   1:31   0:00 
Colton Parayko           0  0  0   0  0   3  1  0  0  0  0/0    24:17   1:37   3:14 
Esa Lindell              0  1  1   0  2   0  1  0  0  0  0/0    21:27   1:42   1:47 
Jeremy Lauzon            0  0  0  -2  0   1  5  4  0  0  0/0    15:45   0:00   0:00 
Josh Manson              0  1  1   0  0   0  1  0  0  0  0/0    21:37   1:37   3:00 
Jujhar Khaira            0  0  0   0  0   0  0  0  0  0  1/1     6:33   0:00   0:00 
Kevin Labanc             0  0  0   0  0   2  0  0  0  0  0/0     6:59   0:00   0:26 
Lars Eller               0  1  1   0  0   0  2  0  0  0  1/1    17:35   0:03   0:00 
Mike Hoffman             0  0  0  -1  0   3  0  0  0  0  3/5    19:18   1:31   2:22 
Nazem Kadri              2  2  4   0  0   7  2  0  0  0  2/2    21:42   1:48   2:22 
Oskar Sundqvist          0  0  0  -2  0   2  0  0  0  0  0/0    11:48   0:00   0:00 
Pierre-Edouard Bellemare 0  0  0  -1  0   0  0  1  0  0  1/3    12:42   1:28   0:00 
Stefan Noesen            0  0  0   0  0   0  1  0  0  0  4/9     6:33   0:00   0:00 
T.J. Oshie               0  2  2  -1  0   6  1  0  0  0  1/1    20:22   1:48   3:09 

3 Stars

1 - Nazem Kadri (OKA)
2 - Anders Lee (OKA)
3 - Connor Clifton (NDH)

Power Play

NORTH DAKOTA HAWKS - 0 on 3 Attempt(s) - 0,00%
OKANAGAN RATTLESNAKES - 2 on 3 Attempt(s) - 66,67%

Penalty Kill

NORTH DAKOTA HAWKS - 1 on 3 Attempt(s) - 33,33% - Score 0 goal in Penalty Kill
OKANAGAN RATTLESNAKES - 3 on 3 Attempt(s) - 100,00% - Score 0 goal in Penalty Kill

Team Stat

NORTH DAKOTA HAWKS - Hits : 16 - Faceoff Wins : 47 - Blocked Shots : 9 - Penalty Minutes : 6
OKANAGAN RATTLESNAKES - Hits : 19 - Faceoff Wins : 41 - Blocked Shots : 6 - Penalty Minutes : 6

Official

Referees : Justin Kea and Jean Hebert
Linesman : Justin Cornell and Trent Knorr

Game Notes

No Game Note

Finance

Level 1 -- Attendance: 4620 (77,00%) -- Ticket Income 924 000 $
Level 2 -- Attendance: 4105 (82,10%) -- Ticket Income 513 125 $
Level 3 -- Attendance: 1777 (88,85%) -- Ticket Income 193 693 $
Level 4 -- Attendance: 3759 (93,98%) -- Ticket Income 259 371 $
Luxury Box -- Attendance: 1000 (100,00%) -- Ticket Income 300 000 $
Total Attendance: 15261 (84,78%)
Total Ticket Income: 2 190 189 $
Other Expense: 21 902 $
Total Income: 2 168 287 $

NORTH DAKOTA HAWKS

5 vs 5 Forward 
   Center                   Left Wing                Right Wing               Time % Phy DF OF 
 1 Jack Hughes              Jason Robertson          Jordan Kyrou             32     0   1  4  
 2 Nick Suzuki              Jake DeBrusk             Reyley Smith             30     0   1  4  
 3 Frederick Gaudreau       Dillon Dube              Emil Bemstrom            22     0   3  2  
 4 Connor Dewar             Garnet Hathaway          Alex Belzile             16     0   4  1  

5 vs 5 Defense 
   Defense                  Defense                                           Time % Phy DF OF 
 1 Mathew Dumba             Cale Makar                                        38     0   1  4  
 2 Ryan Lindgren            Connor Clifton                                    32     0   4  1  
 3 Nick Blankenburg         Erik Johnson                                      15     0   4  1  
 4 Nick Blankenburg         Erik Johnson                                      15     0   4  1  

PowerPlay Forward 
   Center                   Left Wing                Right Wing               Time % Phy DF OF 
 1 Jack Hughes              Jason Robertson          Jordan Kyrou             65     0   0  5  
 2 Nick Suzuki              Jake DeBrusk             Reyley Smith             35     0   0  5  

PowerPlay Defense
   Defense                  Defense                                           Time % Phy DF OF 
 1 Dillon Dube              Cale Makar                                        65     0   0  5  
 2 Frederick Gaudreau       Nick Blankenburg                                  35     0   0  5  

Penalty Kill 4 Players Forward 
   Center                   Wing                     Time % Phy DF OF 
 1 Frederick Gaudreau       Garnet Hathaway          65     0   5  0  
 2 Nick Suzuki              Jake DeBrusk             35     0   5  0  

Penalty Kill 4 Players Defense
   Defense                  Defense                  Time % Phy DF OF 
 1 Ryan Lindgren            Connor Clifton           65     0   5  0  
 2 Mathew Dumba             Erik Johnson             35     0   5  0  

Penalty Kill - 3 Players Forward 
   Forward                                           Time % Phy DF OF 
 1 Frederick Gaudreau                                60     0   5  0  
 2 Nick Suzuki                                       40     0   5  0  

Penalty Kill - 3 Players Defense
   Defense                  Defense                  Time % Phy DF OF 
 1 Ryan Lindgren            Connor Clifton           60     0   5  0  
 2 Mathew Dumba             Erik Johnson             40     0   5  0  

4 vs 4 Forward 
   Center                   Wing                     Time % Phy DF OF 
 1 Jack Hughes              Jason Robertson          55     0   1  4  
 2 Nick Suzuki              Jake DeBrusk             45     0   1  4  

4 vs 4 Defense
   Defense                  Defense                  Time % Phy DF OF 
 1 Mathew Dumba             Cale Makar               55     0   1  4  
 2 Ryan Lindgren            Nick Blankenburg         45     0   4  1  

Last Minutes Offensive
   Center                   Left Wing                Right Wing               Defense                  Defense                  
   Nick Suzuki              Jason Robertson          Jordan Kyrou             Jack Hughes              Cale Makar               

Last Minutes Defensive
   Center                   Left Wing                Right Wing               Defense                  Defense                  
   Nick Suzuki              Jake DeBrusk             Reyley Smith             Ryan Lindgren            Cale Makar               

Goaltenders
Starting : Scott Wedgewood          
Backup : Linus Ullmark            

Extra Forwards
Normal : Alex Belzile, Emil Bemstrom, Connor Dewar - PP : Emil Bemstrom, Alex Belzile - PK : Connor Dewar
Extra Defensemen
Normal : Connor Clifton, Nick Blankenburg, Erik Johnson - PP : Ryan Lindgren - PK : Cale Makar, Nick Blankenburg
Penalty Shots
Jordan Kyrou, Jason Robertson, Jack Hughes, Nick Suzuki, Jake DeBrusk
Custom OT Lines Forwards
Jack Hughes, Jason Robertson, Jordan Kyrou, Nick Suzuki, Jake DeBrusk, Reyley Smith, Frederick Gaudreau, Dillon Dube, Emil Bemstrom, Alex Belzile
Custom OT Lines Defensemen
Cale Makar, Ryan Lindgren, Erik Johnson, Mathew Dumba, Connor Clifton

Scratches
Ben Hutton (Healthy), Nathan Walker (Healthy)

OKANAGAN RATTLESNAKES

5 vs 5 Forward 
   Center                   Left Wing                Right Wing               Time % Phy DF OF 
 1 Anders Lee               Nazem Kadri              Lars Eller               36     1   2  2  
 2 Casey Cizikas            Mike Hoffman             T.J. Oshie               31     1   2  2  
 3 Blake Coleman            Oskar Sundqvist          Pierre-Edouard Bellemare 23     1   2  2  
 4 Stefan Noesen            Kevin Labanc             Jujhar Khaira            10     1   2  2  

5 vs 5 Defense 
   Defense                  Defense                                           Time % Phy DF OF 
 1 Colton Parayko           Josh Manson                                       36     1   2  2  
 2 Adam Clendening          Esa Lindell                                       31     1   2  2  
 3 Jeremy Lauzon            Austin Osmanski                                   23     1   2  2  
 4 Colton Parayko           Esa Lindell                                       10     1   2  2  

PowerPlay Forward 
   Center                   Left Wing                Right Wing               Time % Phy DF OF 
 1 Anders Lee               Nazem Kadri              T.J. Oshie               55     1   2  2  
 2 Lars Eller               Mike Hoffman             Casey Cizikas            45     1   2  2  

PowerPlay Defense
   Defense                  Defense                                           Time % Phy DF OF 
 1 Adam Clendening          Esa Lindell                                       55     1   2  2  
 2 Colton Parayko           Josh Manson                                       45     1   2  2  

Penalty Kill 4 Players Forward 
   Center                   Wing                     Time % Phy DF OF 
 1 Anders Lee               T.J. Oshie               55     1   2  2  
 2 Mike Hoffman             Nazem Kadri              45     1   2  2  

Penalty Kill 4 Players Defense
   Defense                  Defense                  Time % Phy DF OF 
 1 Colton Parayko           Josh Manson              55     1   2  2  
 2 Esa Lindell              Adam Clendening          45     1   2  2  

Penalty Kill - 3 Players Forward 
   Forward                                           Time % Phy DF OF 
 1 Anders Lee                                        55     1   2  2  
 2 Mike Hoffman                                      45     1   2  2  

Penalty Kill - 3 Players Defense
   Defense                  Defense                  Time % Phy DF OF 
 1 Adam Clendening          Esa Lindell              55     1   2  2  
 2 Josh Manson              Colton Parayko           45     1   2  2  

4 vs 4 Forward 
   Center                   Wing                     Time % Phy DF OF 
 1 Anders Lee               Nazem Kadri              55     1   2  2  
 2 T.J. Oshie               Blake Coleman            45     1   2  2  

4 vs 4 Defense
   Defense                  Defense                  Time % Phy DF OF 
 1 Esa Lindell              Adam Clendening          55     1   2  2  
 2 Colton Parayko           Jeremy Lauzon            45     1   2  2  

Last Minutes Offensive
   Center                   Left Wing                Right Wing               Defense                  Defense                  
   Anders Lee               Nazem Kadri              T.J. Oshie               Colton Parayko           Josh Manson              

Last Minutes Defensive
   Center                   Left Wing                Right Wing               Defense                  Defense                  
   Anders Lee               Nazem Kadri              T.J. Oshie               Colton Parayko           Josh Manson              

Goaltenders
Starting : James Reimer             
Backup : Jack Campbell            

Extra Forwards
Normal : Anders Lee, Oskar Sundqvist, Kevin Labanc - PP : Anders Lee, Pierre-Edouard Bellemare - PK : Anders Lee
Extra Defensemen
Normal : Esa Lindell, Austin Osmanski, Adam Clendening - PP : Adam Clendening - PK : Esa Lindell, Adam Clendening
Penalty Shots
Anders Lee, Oskar Sundqvist, Kevin Labanc, Pierre-Edouard Bellemare, Jujhar Khaira
Custom OT Lines Forwards
Oskar Sundqvist, Anders Lee, Kevin Labanc, Pierre-Edouard Bellemare, Jujhar Khaira, Mike Hoffman, Stefan Noesen, Lars Eller, Nazem Kadri, Casey Cizikas
Custom OT Lines Defensemen
Austin Osmanski, Adam Clendening, Colton Parayko, Esa Lindell, Josh Manson

Scratches
Colin White (Healthy)

% Time on Ice - NORTH DAKOTA HAWKS

Lines # - Real PCT - Wanted PCT - Time Play
Normal Forward
1 - 33% - 32% - 16:45
2 - 30% - 30% - 15:08
3 - 22% - 22% - 11:00
4 - 15% - 16% - 7:51
Normal Defense
1 - 38% - 38% - 19:16
2 - 34% - 32% - 17:01
3 - 15% - 15% - 7:30
4 - 14% - 15% - 6:57
PP Forward
1 - 58% - 65% - 3:26
2 - 42% - 35% - 2:31
PP Defense
1 - 61% - 65% - 3:37
2 - 39% - 35% - 2:20
PK Forward
1 - 100% - 65% - 3:19
2 - 0% - 35% - 0:00
PK Defense
1 - 45% - 65% - 1:30
2 - 55% - 35% - 1:49
PK3 Forward
1 - 0% - 60%
2 - 0% - 40%
PK3 Defense
1 - 0% - 60%
2 - 0% - 40%
44 Forward
1 - 0% - 55%
2 - 0% - 45%
44 Defense
1 - 0% - 55%
2 - 0% - 45%
Last Minute Offensive  - 0:00
Last Minute Defensive  - 0:00
Total
Forward - 60:00
Defense - 60:00

% Time on Ice - OKANAGAN RATTLESNAKES

Lines # - Real PCT - Wanted PCT - Time Play
Normal Forward
1 - 35% - 36% - 17:32
2 - 30% - 31% - 15:25
3 - 22% - 23% - 11:14
4 - 13% - 10% - 6:33
Normal Defense
1 - 34% - 36% - 17:00
2 - 31% - 31% - 15:33
3 - 31% - 23% - 15:45
4 - 5% - 10% - 2:26
PP Forward
1 - 54% - 55% - 1:48
2 - 46% - 45% - 1:31
PP Defense
1 - 51% - 55% - 1:42
2 - 49% - 45% - 1:37
PK Forward
1 - 60% - 55% - 3:35
2 - 40% - 45% - 2:22
PK Defense
1 - 50% - 55% - 3:00
2 - 50% - 45% - 2:57
PK3 Forward
1 - 0% - 55%
2 - 0% - 45%
PK3 Defense
1 - 0% - 55%
2 - 0% - 45%
44 Forward
1 - 0% - 55%
2 - 0% - 45%
44 Defense
1 - 0% - 55%
2 - 0% - 45%
Last Minute Offensive  - 0:00
Last Minute Defensive  - 0:00
Total
Forward - 60:00
Defense - 60:00

Play-by-Play

1st period


0:01 of 1st period - Anders Lee wins face-off versus Jack Hughes in neutral zone.
0:08 of 1st period - Jordan Kyrou is hit by Lars Eller and loses puck.
0:14 of 1st period - Nazem Kadri is hit by Mathew Dumba and loses puck.
0:29 of 1st period - Shot by Anders Lee.
0:29 of 1st period - Shot Misses the Net.
0:31 of 1st period - Shot by Lars Eller.
0:31 of 1st period - Shot Misses the Net.
0:33 of 1st period - Shot by Lars Eller.
0:33 of 1st period - Shot Misses the Net.
1:18 of 1st period - Shot by T.J. Oshie.
1:18 of 1st period - Stopped by Scott Wedgewood with a rebound.
1:20 of 1st period - Shot by Mike Hoffman.
1:20 of 1st period - Shot Blocked by Nick Suzuki.
1:46 of 1st period - Shot by Oskar Sundqvist.
1:46 of 1st period - Stopped by Scott Wedgewood without a rebound.
1:47 of 1st period - Frederick Gaudreau wins face-off versus Blake Coleman in NORTH DAKOTA HAWKS zone.
2:00 of 1st period - Icing by Frederick Gaudreau.
2:01 of 1st period - Frederick Gaudreau wins face-off versus Stefan Noesen in NORTH DAKOTA HAWKS zone.
2:01 of 1st period - Frederick Gaudreau is hit by Stefan Noesen.
2:36 of 1st period - Shot by Dillon Dube.
2:36 of 1st period - Stopped by James Reimer without a rebound.
2:37 of 1st period - Blake Coleman wins face-off versus Connor Dewar in OKANAGAN RATTLESNAKES zone.
2:37 of 1st period - Blake Coleman is hit by Garnet Hathaway.
2:57 of 1st period - Pierre-Edouard Bellemare is hit by Ryan Lindgren and loses puck.
3:35 of 1st period - Esa Lindell is hit by Connor Clifton and loses puck.
3:59 of 1st period - Anders Lee is hit by Connor Clifton and loses puck.
4:03 of 1st period - Lars Eller is hit by Connor Clifton and loses puck.
4:40 of 1st period - Shot by T.J. Oshie.
4:40 of 1st period - Shot Blocked by Connor Clifton.
4:42 of 1st period - Shot by T.J. Oshie.
4:42 of 1st period - Stopped by Scott Wedgewood without a rebound.
4:43 of 1st period - Stefan Noesen wins face-off versus Nick Suzuki in NORTH DAKOTA HAWKS zone.
4:56 of 1st period - Shot by Stefan Noesen.
4:56 of 1st period - Shot Misses the Net.
4:58 of 1st period - Shot by Jeremy Lauzon.
4:58 of 1st period - Shot Blocked by Jake DeBrusk.
5:00 of 1st period - Shot by Jujhar Khaira.
5:00 of 1st period - Shot Misses the Net.
5:02 of 1st period - Shot by Jeremy Lauzon.
5:02 of 1st period - Stopped by Scott Wedgewood with a rebound.
5:04 of 1st period - Shot by Jujhar Khaira.
5:04 of 1st period - Shot Misses the Net.
5:14 of 1st period - Shot by Stefan Noesen.
5:14 of 1st period - Shot Misses the Net.
5:16 of 1st period - Shot by Jujhar Khaira.
5:16 of 1st period - Shot Misses the Net.
5:20 of 1st period - Shot by Kevin Labanc.
5:20 of 1st period - Stopped by Scott Wedgewood with a rebound.
5:49 of 1st period - Shot by Blake Coleman.
5:49 of 1st period - Stopped by Scott Wedgewood without a rebound.
5:50 of 1st period - Anders Lee wins face-off versus Jack Hughes in NORTH DAKOTA HAWKS zone.
6:19 of 1st period - Shot by Nazem Kadri.
6:19 of 1st period - Shot Misses the Net.
6:27 of 1st period - Lars Eller is hit by Jason Robertson and loses puck.
6:57 of 1st period - Shot by Casey Cizikas.
6:57 of 1st period - Shot Misses the Net.
7:17 of 1st period - Shot by Frederick Gaudreau.
7:17 of 1st period - Shot Misses the Net.
8:09 of 1st period - Shot by Jason Robertson.
8:09 of 1st period - Stopped by James Reimer without a rebound.
8:10 of 1st period - Anders Lee wins face-off versus Frederick Gaudreau in OKANAGAN RATTLESNAKES zone.
8:27 of 1st period - Shot by Nazem Kadri.
8:27 of 1st period - Deflect By Anders Lee.
8:27 of 1st period - Shot Blocked by Frederick Gaudreau.
8:36 of 1st period - Emil Bemstrom is hit by Jeremy Lauzon and loses puck.
8:40 of 1st period - Icing by Jeremy Lauzon.
8:41 of 1st period - Anders Lee wins face-off versus Jack Hughes in OKANAGAN RATTLESNAKES zone.
8:50 of 1st period - Shot by Jason Robertson.
8:50 of 1st period - Shot Blocked by Jeremy Lauzon.
9:03 of 1st period - Minor Penalty to Austin Osmanski for Hooking.
9:04 of 1st period - Nick Suzuki wins face-off versus Anders Lee in OKANAGAN RATTLESNAKES zone.
9:36 of 1st period - Shot by Cale Makar.
9:36 of 1st period - Deflect By Nick Suzuki.
9:36 of 1st period - Stopped by James Reimer with a rebound.
9:38 of 1st period - Shot by Nick Suzuki.
9:38 of 1st period - Stopped by James Reimer without a rebound.
9:39 of 1st period - Mike Hoffman wins face-off versus Jack Hughes in OKANAGAN RATTLESNAKES zone.
11:02 of 1st period - Shot by Cale Makar.
11:02 of 1st period - Shot Misses the Net.
11:04 of 1st period - Shot by Ryan Lindgren.
11:04 of 1st period - Stopped by James Reimer with a rebound.
11:10 of 1st period - Shot by Garnet Hathaway.
11:10 of 1st period - Shot Misses the Net.
11:12 of 1st period - Shot by Connor Dewar.
11:12 of 1st period - Shot Misses the Net.
11:14 of 1st period - Shot by Ryan Lindgren.
11:14 of 1st period - Shot Misses the Net.
11:25 of 1st period - Garnet Hathaway is hit by Jeremy Lauzon and loses puck.
11:34 of 1st period - Shot by Alex Belzile.
11:34 of 1st period - Shot Blocked by Jeremy Lauzon.
12:24 of 1st period - Shot by Jujhar Khaira.
12:24 of 1st period - Shot Misses the Net.
12:32 of 1st period - Shot by Jake DeBrusk.
12:32 of 1st period - Stopped by James Reimer without a rebound.
12:33 of 1st period - Jack Hughes wins face-off versus Anders Lee in OKANAGAN RATTLESNAKES zone.
12:41 of 1st period - Minor Penalty to Esa Lindell for Hooking.
12:42 of 1st period - Jack Hughes wins face-off versus Anders Lee in OKANAGAN RATTLESNAKES zone.
13:18 of 1st period - Shot by Cale Makar.
13:18 of 1st period - Stopped by James Reimer without a rebound.
13:19 of 1st period - Anders Lee wins face-off versus Nick Suzuki in OKANAGAN RATTLESNAKES zone.
13:47 of 1st period - Icing by Jake DeBrusk.
13:48 of 1st period - Nick Suzuki wins face-off versus Anders Lee in NORTH DAKOTA HAWKS zone.
14:07 of 1st period - Shot by Jake DeBrusk.
14:07 of 1st period - Stopped by James Reimer without a rebound.
14:08 of 1st period - T.J. Oshie wins face-off versus Jack Hughes in OKANAGAN RATTLESNAKES zone.
14:08 of 1st period - T.J. Oshie is hit by Jason Robertson.
14:29 of 1st period - Icing by Jason Robertson.
14:30 of 1st period - Anders Lee wins face-off versus Jack Hughes in NORTH DAKOTA HAWKS zone.
15:08 of 1st period - Shot by Oskar Sundqvist.
15:08 of 1st period - Stopped by Scott Wedgewood with a rebound.
16:30 of 1st period - Off-side.
16:31 of 1st period - Casey Cizikas wins face-off versus Frederick Gaudreau in neutral zone.
16:58 of 1st period - Shot by Casey Cizikas.
16:58 of 1st period - Shot Misses the Net.
17:20 of 1st period - Minor Penalty to Garnet Hathaway for Interference.
17:21 of 1st period - Frederick Gaudreau wins face-off versus Anders Lee in NORTH DAKOTA HAWKS zone.
17:21 of 1st period - Frederick Gaudreau is hit by Nazem Kadri.
17:35 of 1st period - Shot by T.J. Oshie.
17:35 of 1st period - Deflect By Nazem Kadri.
17:35 of 1st period - Goal by Nazem Kadri - NORTH DAKOTA HAWKS : 0 - OKANAGAN RATTLESNAKES : 1.
17:36 of 1st period - Stefan Noesen wins face-off versus Jack Hughes in neutral zone.
17:47 of 1st period - Off-side.
17:48 of 1st period - Nick Suzuki wins face-off versus Anders Lee in neutral zone.
17:57 of 1st period - Off-side.
17:58 of 1st period - Nazem Kadri wins face-off versus Jack Hughes in neutral zone.
18:25 of 1st period - Shot by Jack Hughes.
18:25 of 1st period - Shot Misses the Net.
18:37 of 1st period - Shot by Jack Hughes.
18:37 of 1st period - Shot Misses the Net.
18:39 of 1st period - Shot by Cale Makar.
18:39 of 1st period - Stopped by James Reimer without a rebound.
18:40 of 1st period - Nick Suzuki wins face-off versus Casey Cizikas in OKANAGAN RATTLESNAKES zone.
18:45 of 1st period - Shot by Reyley Smith.
18:45 of 1st period - Shot Misses the Net.
19:38 of 1st period - Icing by Jeremy Lauzon.
19:39 of 1st period - Jack Hughes wins face-off versus Blake Coleman in OKANAGAN RATTLESNAKES zone.
19:52 of 1st period - Shot by Jordan Kyrou.
19:52 of 1st period - Goal by Jordan Kyrou - NORTH DAKOTA HAWKS : 1 - OKANAGAN RATTLESNAKES : 1.
19:53 of 1st period - Anders Lee wins face-off versus Frederick Gaudreau in neutral zone.
Goals for this period are 1 for NORTH DAKOTA HAWKS vs 1 for OKANAGAN RATTLESNAKES.
Shots for this period are 10 for NORTH DAKOTA HAWKS vs 8 for OKANAGAN RATTLESNAKES.

2nd period


0:01 of 2nd period - Jack Hughes wins face-off versus Anders Lee in neutral zone.
0:08 of 2nd period - Shot by Jack Hughes.
0:08 of 2nd period - Shot Misses the Net.
0:18 of 2nd period - Shot by Jack Hughes.
0:18 of 2nd period - Stopped by James Reimer without a rebound.
0:19 of 2nd period - Mike Hoffman wins face-off versus Frederick Gaudreau in OKANAGAN RATTLESNAKES zone.
1:30 of 2nd period - Shot by Anders Lee.
1:30 of 2nd period - Deflect By Nazem Kadri.
1:30 of 2nd period - Shot Blocked by Ryan Lindgren.
2:01 of 2nd period - Icing by Cale Makar.
2:02 of 2nd period - Blake Coleman wins face-off versus Jack Hughes in NORTH DAKOTA HAWKS zone.
2:05 of 2nd period - Shot by Blake Coleman.
2:05 of 2nd period - Stopped by Scott Wedgewood without a rebound.
2:06 of 2nd period - Blake Coleman wins face-off versus Jack Hughes in NORTH DAKOTA HAWKS zone.
2:10 of 2nd period - Icing by Cale Makar.
2:11 of 2nd period - Jack Hughes wins face-off versus Blake Coleman in NORTH DAKOTA HAWKS zone.
2:18 of 2nd period - Minor Penalty to Blake Coleman for High sticking.
2:19 of 2nd period - Anders Lee wins face-off versus Jack Hughes in OKANAGAN RATTLESNAKES zone.
2:30 of 2nd period - Shot by Jordan Kyrou.
2:30 of 2nd period - Shot Hit the Post.
3:20 of 2nd period - Shot by Frederick Gaudreau.
3:20 of 2nd period - Stopped by James Reimer without a rebound.
3:21 of 2nd period - Nick Suzuki wins face-off versus Mike Hoffman in OKANAGAN RATTLESNAKES zone.
3:21 of 2nd period - Jake DeBrusk is hit by Adam Clendening and loses puck.
3:39 of 2nd period - Shot by Frederick Gaudreau.
3:39 of 2nd period - Stopped by James Reimer without a rebound.
3:40 of 2nd period - Anders Lee wins face-off versus Jack Hughes in OKANAGAN RATTLESNAKES zone.
3:55 of 2nd period - Colton Parayko is hit by Jason Robertson and loses puck.
4:02 of 2nd period - Shot by Jason Robertson.
4:02 of 2nd period - Deflect By Jack Hughes.
4:02 of 2nd period - Shot Misses the Net.
4:28 of 2nd period - Shot by Jake DeBrusk.
4:28 of 2nd period - Shot Misses the Net.
4:34 of 2nd period - Shot by Nick Suzuki.
4:34 of 2nd period - Shot Misses the Net.
4:40 of 2nd period - Shot by Oskar Sundqvist.
4:40 of 2nd period - Deflect By Blake Coleman.
4:40 of 2nd period - Stopped by Scott Wedgewood without a rebound.
4:41 of 2nd period - Connor Dewar wins face-off versus Stefan Noesen in NORTH DAKOTA HAWKS zone.
5:12 of 2nd period - Shot by Stefan Noesen.
5:12 of 2nd period - Shot Hit the Post.
5:14 of 2nd period - Shot by Kevin Labanc.
5:14 of 2nd period - Stopped by Scott Wedgewood without a rebound.
5:15 of 2nd period - Jack Hughes wins face-off versus Anders Lee in NORTH DAKOTA HAWKS zone.
5:45 of 2nd period - Shot by Jack Hughes.
5:45 of 2nd period - Deflect By Jordan Kyrou.
5:45 of 2nd period - Stopped by James Reimer without a rebound.
5:46 of 2nd period - Casey Cizikas wins face-off versus Nick Suzuki in OKANAGAN RATTLESNAKES zone.
6:06 of 2nd period - Shot by Mike Hoffman.
6:06 of 2nd period - Deflect By T.J. Oshie.
6:06 of 2nd period - Shot Misses the Net.
6:08 of 2nd period - Shot by Jeremy Lauzon.
6:08 of 2nd period - Shot Blocked by Ryan Lindgren.
6:10 of 2nd period - Shot by T.J. Oshie.
6:10 of 2nd period - Stopped by Scott Wedgewood without a rebound.
6:11 of 2nd period - Jack Hughes wins face-off versus Blake Coleman in NORTH DAKOTA HAWKS zone.
6:35 of 2nd period - Shot by Jason Robertson.
6:35 of 2nd period - Stopped by James Reimer without a rebound.
6:36 of 2nd period - Nick Suzuki wins face-off versus Anders Lee in OKANAGAN RATTLESNAKES zone.
6:43 of 2nd period - Shot by Jake DeBrusk.
6:43 of 2nd period - Deflect By Nick Suzuki.
6:43 of 2nd period - Shot Misses the Net.
6:45 of 2nd period - Shot by Erik Johnson.
6:45 of 2nd period - Shot Misses the Net.
6:47 of 2nd period - Shot by Nick Suzuki.
6:47 of 2nd period - Shot Misses the Net.
7:52 of 2nd period - Icing by Jack Hughes.
7:53 of 2nd period - Blake Coleman wins face-off versus Jack Hughes in NORTH DAKOTA HAWKS zone.
8:28 of 2nd period - Shot by Jack Hughes.
8:28 of 2nd period - Shot Misses the Net.
8:32 of 2nd period - Shot by Jack Hughes.
8:32 of 2nd period - Stopped by James Reimer with a rebound.
8:34 of 2nd period - Shot by Jason Robertson.
8:34 of 2nd period - Shot Misses the Net.
8:36 of 2nd period - Shot by Mathew Dumba.
8:36 of 2nd period - Stopped by James Reimer with a rebound.
8:38 of 2nd period - Shot by Jordan Kyrou.
8:38 of 2nd period - Shot Misses the Net.
9:15 of 2nd period - Dillon Dube is hit by Esa Lindell and loses puck.
9:22 of 2nd period - Shot by Frederick Gaudreau.
9:22 of 2nd period - Stopped by James Reimer without a rebound.
9:23 of 2nd period - Anders Lee wins face-off versus Nick Suzuki in OKANAGAN RATTLESNAKES zone.
9:23 of 2nd period - Anders Lee is hit by Nick Suzuki.
9:34 of 2nd period - Anders Lee is hit by Nick Blankenburg and loses puck.
9:47 of 2nd period - Shot by Anders Lee.
9:47 of 2nd period - Shot Misses the Net.
9:58 of 2nd period - Shot by Nazem Kadri.
9:58 of 2nd period - Goal by Nazem Kadri - NORTH DAKOTA HAWKS : 1 - OKANAGAN RATTLESNAKES : 2.
9:59 of 2nd period - Casey Cizikas wins face-off versus Jack Hughes in neutral zone.
10:41 of 2nd period - Shot by Jason Robertson.
10:41 of 2nd period - Stopped by James Reimer without a rebound.
10:42 of 2nd period - Frederick Gaudreau wins face-off versus Anders Lee in OKANAGAN RATTLESNAKES zone.
10:46 of 2nd period - Icing by Colton Parayko.
10:47 of 2nd period - Anders Lee wins face-off versus Frederick Gaudreau in OKANAGAN RATTLESNAKES zone.
10:47 of 2nd period - Anders Lee is hit by Dillon Dube.
10:57 of 2nd period - Frederick Gaudreau is hit by Nazem Kadri and loses puck.
12:16 of 2nd period - Shot by T.J. Oshie.
12:16 of 2nd period - Stopped by Scott Wedgewood without a rebound.
12:17 of 2nd period - Jack Hughes wins face-off versus Blake Coleman in NORTH DAKOTA HAWKS zone.
12:56 of 2nd period - Shot by Jack Hughes.
12:56 of 2nd period - Shot Misses the Net.
12:58 of 2nd period - Shot by Cale Makar.
12:58 of 2nd period - Stopped by James Reimer without a rebound.
12:59 of 2nd period - Nick Suzuki wins face-off versus Casey Cizikas in OKANAGAN RATTLESNAKES zone.
13:03 of 2nd period - Reyley Smith is hit by Colton Parayko and loses puck.
13:11 of 2nd period - Icing by Esa Lindell.
13:12 of 2nd period - Connor Dewar wins face-off versus Casey Cizikas in OKANAGAN RATTLESNAKES zone.
13:38 of 2nd period - Shot by T.J. Oshie.
13:38 of 2nd period - Stopped by Scott Wedgewood with a rebound.
14:16 of 2nd period - Shot by Nick Suzuki.
14:16 of 2nd period - Stopped by James Reimer without a rebound.
14:17 of 2nd period - Nick Suzuki wins face-off versus Stefan Noesen in OKANAGAN RATTLESNAKES zone.
14:30 of 2nd period - Shot by Jake DeBrusk.
14:30 of 2nd period - Stopped by James Reimer without a rebound.
14:31 of 2nd period - Jack Hughes wins face-off versus Anders Lee in OKANAGAN RATTLESNAKES zone.
15:30 of 2nd period - Shot by Nick Suzuki.
15:30 of 2nd period - Shot Misses the Net.
16:51 of 2nd period - Esa Lindell is hit by Jake DeBrusk and loses puck.
17:26 of 2nd period - Oskar Sundqvist is hit by Jason Robertson and loses puck.
17:59 of 2nd period - Off-side.
18:00 of 2nd period - Stefan Noesen wins face-off versus Connor Dewar in neutral zone.
18:21 of 2nd period - Shot by Stefan Noesen.
18:21 of 2nd period - Shot Misses the Net.
19:04 of 2nd period - Shot by Emil Bemstrom.
19:04 of 2nd period - Goal by Emil Bemstrom - NORTH DAKOTA HAWKS : 2 - OKANAGAN RATTLESNAKES : 2.
19:05 of 2nd period - Casey Cizikas wins face-off versus Jack Hughes in neutral zone.
19:26 of 2nd period - Shot by Casey Cizikas.
19:26 of 2nd period - Deflect By Mike Hoffman.
19:26 of 2nd period - Stopped by Scott Wedgewood without a rebound.
19:27 of 2nd period - Nick Suzuki wins face-off versus Anders Lee in NORTH DAKOTA HAWKS zone.
19:44 of 2nd period - Off-side.
19:45 of 2nd period - Frederick Gaudreau wins face-off versus Casey Cizikas in neutral zone.
19:50 of 2nd period - Shot by Dillon Dube.
19:50 of 2nd period - Stopped by James Reimer without a rebound.
19:51 of 2nd period - Anders Lee wins face-off versus Jake DeBrusk in OKANAGAN RATTLESNAKES zone.
Goals for this period are 1 for NORTH DAKOTA HAWKS vs 1 for OKANAGAN RATTLESNAKES.
Shots for this period are 14 for NORTH DAKOTA HAWKS vs 8 for OKANAGAN RATTLESNAKES.

3rd period


0:01 of 3rd period - Jason Robertson wins face-off versus Anders Lee in neutral zone.
0:06 of 3rd period - Shot by Jack Hughes.
0:06 of 3rd period - Shot Misses the Net.
0:23 of 3rd period - Lars Eller is hit by Cale Makar and loses puck.
0:28 of 3rd period - Shot by Lars Eller.
0:28 of 3rd period - Deflect By Nazem Kadri.
0:28 of 3rd period - Shot Blocked by Cale Makar.
0:32 of 3rd period - Shot by Nazem Kadri.
0:32 of 3rd period - Stopped by Scott Wedgewood with a rebound.
0:34 of 3rd period - Shot by Colton Parayko.
0:34 of 3rd period - Stopped by Scott Wedgewood without a rebound.
0:35 of 3rd period - Casey Cizikas wins face-off versus Frederick Gaudreau in NORTH DAKOTA HAWKS zone.
0:54 of 3rd period - Shot by T.J. Oshie.
0:54 of 3rd period - Stopped by Scott Wedgewood without a rebound.
0:55 of 3rd period - Nick Suzuki wins face-off versus Pierre-Edouard Bellemare in NORTH DAKOTA HAWKS zone.
1:00 of 3rd period - Shot by Reyley Smith.
1:00 of 3rd period - Shot Blocked by Pierre-Edouard Bellemare.
1:16 of 3rd period - Shot by Jake DeBrusk.
1:16 of 3rd period - Shot Misses the Net.
1:18 of 3rd period - Shot by Nick Suzuki.
1:18 of 3rd period - Stopped by James Reimer without a rebound.
1:19 of 3rd period - Casey Cizikas wins face-off versus Frederick Gaudreau in OKANAGAN RATTLESNAKES zone.
1:54 of 3rd period - Icing by Cale Makar.
1:55 of 3rd period - Frederick Gaudreau wins face-off versus Anders Lee in NORTH DAKOTA HAWKS zone.
1:57 of 3rd period - Cale Makar is hit by Lars Eller and loses puck.
2:07 of 3rd period - Shot by Anders Lee.
2:07 of 3rd period - Stopped by Scott Wedgewood with a rebound.
2:23 of 3rd period - Shot by Nazem Kadri.
2:23 of 3rd period - Stopped by Scott Wedgewood without a rebound.
2:24 of 3rd period - Pierre-Edouard Bellemare wins face-off versus Jack Hughes in NORTH DAKOTA HAWKS zone.
3:48 of 3rd period - Shot by Jake DeBrusk.
3:48 of 3rd period - Stopped by James Reimer with a rebound.
3:58 of 3rd period - Shot by Nick Suzuki.
3:58 of 3rd period - Shot Misses the Net.
4:00 of 3rd period - Shot by Jake DeBrusk.
4:00 of 3rd period - Deflect By Nick Suzuki.
4:00 of 3rd period - Goal by Nick Suzuki - NORTH DAKOTA HAWKS : 3 - OKANAGAN RATTLESNAKES : 2.
4:01 of 3rd period - Connor Dewar wins face-off versus Casey Cizikas in neutral zone.
4:19 of 3rd period - Icing by Cale Makar.
4:20 of 3rd period - Stefan Noesen wins face-off versus Connor Dewar in NORTH DAKOTA HAWKS zone.
4:37 of 3rd period - Shot by Connor Dewar.
4:37 of 3rd period - Stopped by James Reimer without a rebound.
4:38 of 3rd period - Nick Suzuki wins face-off versus Anders Lee in OKANAGAN RATTLESNAKES zone.
4:45 of 3rd period - Shot by Nick Suzuki.
4:45 of 3rd period - Stopped by James Reimer without a rebound.
4:46 of 3rd period - Mike Hoffman wins face-off versus Jack Hughes in OKANAGAN RATTLESNAKES zone.
6:08 of 3rd period - Icing by Esa Lindell.
6:09 of 3rd period - Frederick Gaudreau wins face-off versus Casey Cizikas in OKANAGAN RATTLESNAKES zone.
6:12 of 3rd period - Shot by Dillon Dube.
6:12 of 3rd period - Shot Misses the Net.
6:14 of 3rd period - Shot by Connor Clifton.
6:14 of 3rd period - Goal by Connor Clifton - NORTH DAKOTA HAWKS : 4 - OKANAGAN RATTLESNAKES : 2.
6:15 of 3rd period - Frederick Gaudreau wins face-off versus Anders Lee in neutral zone.
6:59 of 3rd period - Shot by Nazem Kadri.
6:59 of 3rd period - Stopped by Scott Wedgewood without a rebound.
7:00 of 3rd period - Nick Suzuki wins face-off versus Blake Coleman in NORTH DAKOTA HAWKS zone.
7:00 of 3rd period - Nick Suzuki is hit by Blake Coleman.
7:08 of 3rd period - Shot by Reyley Smith.
7:08 of 3rd period - Stopped by James Reimer without a rebound.
7:09 of 3rd period - Jack Hughes wins face-off versus Stefan Noesen in OKANAGAN RATTLESNAKES zone.
7:26 of 3rd period - Shot by Jack Hughes.
7:26 of 3rd period - Stopped by James Reimer without a rebound.
7:27 of 3rd period - Nick Suzuki wins face-off versus Blake Coleman in OKANAGAN RATTLESNAKES zone.
7:46 of 3rd period - Off-side.
7:47 of 3rd period - Nazem Kadri wins face-off versus Connor Dewar in neutral zone.
8:06 of 3rd period - Shot by Garnet Hathaway.
8:06 of 3rd period - Stopped by James Reimer without a rebound.
8:07 of 3rd period - Casey Cizikas wins face-off versus Jack Hughes in OKANAGAN RATTLESNAKES zone.
8:38 of 3rd period - Shot by Casey Cizikas.
8:38 of 3rd period - Stopped by Scott Wedgewood with a rebound.
8:40 of 3rd period - Shot by Colton Parayko.
8:40 of 3rd period - Stopped by Scott Wedgewood without a rebound.
8:41 of 3rd period - Anders Lee wins face-off versus Nick Suzuki in NORTH DAKOTA HAWKS zone.
8:42 of 3rd period - Shot by Nazem Kadri.
8:42 of 3rd period - Shot Misses the Net.
8:48 of 3rd period - Shot by Nazem Kadri.
8:48 of 3rd period - Stopped by Scott Wedgewood without a rebound.
8:49 of 3rd period - Nick Suzuki wins face-off versus Anders Lee in NORTH DAKOTA HAWKS zone.
9:40 of 3rd period - Nick Suzuki is hit by Adam Clendening and loses puck.
9:53 of 3rd period - Minor Penalty to Garnet Hathaway for Hooking.
9:54 of 3rd period - Frederick Gaudreau wins face-off versus Pierre-Edouard Bellemare in NORTH DAKOTA HAWKS zone.
10:22 of 3rd period - Shot by Mike Hoffman.
10:22 of 3rd period - Stopped by Scott Wedgewood with a rebound.
10:24 of 3rd period - Shot by Colton Parayko.
10:24 of 3rd period - Shot Blocked by Connor Clifton.
11:23 of 3rd period - Icing by Nazem Kadri.
11:24 of 3rd period - Frederick Gaudreau wins face-off versus Anders Lee in OKANAGAN RATTLESNAKES zone.
11:49 of 3rd period - Shot by Frederick Gaudreau.
11:49 of 3rd period - Stopped by James Reimer without a rebound.
11:50 of 3rd period - Jordan Kyrou wins face-off versus Casey Cizikas in OKANAGAN RATTLESNAKES zone.
12:13 of 3rd period - Shot by Jason Robertson.
12:13 of 3rd period - Shot Misses the Net.
12:15 of 3rd period - Shot by Nick Blankenburg.
12:15 of 3rd period - Deflect By Jack Hughes.
12:15 of 3rd period - Shot Blocked by Jeremy Lauzon.
12:31 of 3rd period - Shot by Jordan Kyrou.
12:31 of 3rd period - Stopped by James Reimer without a rebound.
12:32 of 3rd period - Blake Coleman wins face-off versus Nick Suzuki in OKANAGAN RATTLESNAKES zone.
13:08 of 3rd period - Off-side.
13:09 of 3rd period - Frederick Gaudreau wins face-off versus Mike Hoffman in neutral zone.
13:09 of 3rd period - Frederick Gaudreau is hit by T.J. Oshie.
13:15 of 3rd period - Shot by Frederick Gaudreau.
13:15 of 3rd period - Shot Misses the Net.
13:17 of 3rd period - Shot by Dillon Dube.
13:17 of 3rd period - Stopped by James Reimer with a rebound.
14:03 of 3rd period - Jack Hughes is hit by Jeremy Lauzon.
14:06 of 3rd period - Icing by Jeremy Lauzon.
14:07 of 3rd period - Connor Dewar wins face-off versus Casey Cizikas in OKANAGAN RATTLESNAKES zone.
14:07 of 3rd period - Garnet Hathaway is hit by Jeremy Lauzon and loses puck.
14:12 of 3rd period - Shot by Garnet Hathaway.
14:12 of 3rd period - Shot Blocked by Jeremy Lauzon.
14:14 of 3rd period - Shot by Garnet Hathaway.
14:14 of 3rd period - Stopped by James Reimer without a rebound.
14:15 of 3rd period - Anders Lee wins face-off versus Jack Hughes in OKANAGAN RATTLESNAKES zone.
14:51 of 3rd period - Shot by Nazem Kadri.
14:51 of 3rd period - Stopped by Scott Wedgewood with a rebound.
15:01 of 3rd period - Shot by Jordan Kyrou.
15:01 of 3rd period - Shot Misses the Net.
15:07 of 3rd period - Minor Penalty to Jason Robertson for Interference.
15:08 of 3rd period - Casey Cizikas wins face-off versus Frederick Gaudreau in NORTH DAKOTA HAWKS zone.
15:44 of 3rd period - Shot by Mike Hoffman.
15:44 of 3rd period - Stopped by Scott Wedgewood without a rebound.
15:45 of 3rd period - Frederick Gaudreau wins face-off versus Anders Lee in NORTH DAKOTA HAWKS zone.
16:12 of 3rd period - Shot by Anders Lee.
16:12 of 3rd period - Goal by Anders Lee - NORTH DAKOTA HAWKS : 4 - OKANAGAN RATTLESNAKES : 3.
16:13 of 3rd period - Nick Suzuki wins face-off versus Stefan Noesen in neutral zone.
16:22 of 3rd period - Shot by Nick Suzuki.
16:22 of 3rd period - Shot Misses the Net.
16:31 of 3rd period - Nick Suzuki is hit by Jeremy Lauzon and loses puck.
16:45 of 3rd period - Icing by Jeremy Lauzon.
16:46 of 3rd period - Jujhar Khaira wins face-off versus Jack Hughes in OKANAGAN RATTLESNAKES zone.
16:57 of 3rd period - Shot by Kevin Labanc.
16:57 of 3rd period - Shot Blocked by Ryan Lindgren.
18:09 of 3rd period - Shot by Mike Hoffman.
18:09 of 3rd period - Shot Misses the Net.
18:11 of 3rd period - Shot by Colton Parayko.
18:11 of 3rd period - Shot Misses the Net.
18:13 of 3rd period - Shot by Colton Parayko.
18:13 of 3rd period - Stopped by Scott Wedgewood without a rebound.
18:14 of 3rd period - Dillon Dube wins face-off versus Anders Lee in NORTH DAKOTA HAWKS zone.
18:14 of 3rd period - Dillon Dube is hit by Anders Lee.
18:25 of 3rd period - Shot by Anders Lee.
18:25 of 3rd period - Goal by Anders Lee - NORTH DAKOTA HAWKS : 4 - OKANAGAN RATTLESNAKES : 4.
18:26 of 3rd period - Jake DeBrusk wins face-off versus Blake Coleman in neutral zone.
18:31 of 3rd period - Shot by Reyley Smith.
18:31 of 3rd period - Stopped by James Reimer without a rebound.
18:32 of 3rd period - Lars Eller wins face-off versus Frederick Gaudreau in OKANAGAN RATTLESNAKES zone.
18:32 of 3rd period - Lars Eller is hit by Dillon Dube.
18:43 of 3rd period - Frederick Gaudreau is hit by Josh Manson and loses puck.
19:16 of 3rd period - Off-side.
19:17 of 3rd period - Casey Cizikas wins face-off versus Connor Dewar in neutral zone.
19:20 of 3rd period - Connor Dewar is hit by Casey Cizikas and loses puck.
19:41 of 3rd period - Shot by Connor Dewar.
19:41 of 3rd period - Shot Misses the Net.
Goals for this period are 2 for NORTH DAKOTA HAWKS vs 2 for OKANAGAN RATTLESNAKES.
Shots for this period are 14 for NORTH DAKOTA HAWKS vs 15 for OKANAGAN RATTLESNAKES.

Overtime #1


0:01 of 1st overtime period - Jack Hughes wins face-off versus Anders Lee in neutral zone.
0:21 of 1st overtime period - Shot by Jack Hughes.
0:21 of 1st overtime period - Stopped by James Reimer without a rebound.
0:22 of 1st overtime period - Jack Hughes wins face-off versus Anders Lee in OKANAGAN RATTLESNAKES zone.
0:31 of 1st overtime period - Shot by Jason Robertson.
0:31 of 1st overtime period - Shot Blocked by Anders Lee.
0:33 of 1st overtime period - Shot by Jack Hughes.
0:33 of 1st overtime period - Goal by Jack Hughes - NORTH DAKOTA HAWKS : 5 - OKANAGAN RATTLESNAKES : 4.
Goals for this period are 1 for NORTH DAKOTA HAWKS vs 0 for OKANAGAN RATTLESNAKES.
Shots for this period are 2 for NORTH DAKOTA HAWKS vs 0 for OKANAGAN RATTLESNAKES.


BLAKE
WHEELER
STEVEN
STAMKOS
DREW
DOUGHTY

EAST COAST

HOCKEY LEAGUE

  • 63.RHI2PIT5
  • 64.WOR4ATL3
  • 65.QUECHW
  • 66.CHATRV